 Dungeon Sprint DCSS version 0.31-a0-986-g5e6e4ef867 (webtiles) character file.

Game seed: 17417913073979670521

305 rocky1 the Grappler (level 6, -4/48 HPs)
             Began as a Draconian Shapeshifter on Nov 14, 2023.
             Was an Initiate of Gozag.
             Slain by a spatial vortex (18 damage)
             ... in the Dungeon (Sprint III: "The Ten Rune Challenge").
             The game lasted 00:01:24 (712 turns).

rocky1 the Grappler (Draconian Shapeshifter)         Turns: 712, Time: 00:01:26

Health: -4/48      AC:  6    Str: 18    XL:     6   Next: 16%
Magic:  6/6        EV: 13    Int:  8    God:    Gozag
Gold:   26         SH:  0    Dex: 11    Spells: 5/5 levels left

rFire   . .          .
                       - Unarmed
rCold   . . .        (shield currently unavailable)
rNeg    . . .        (body armour unavailable)
rPois   +            (helmet restricted)
rElec   .            (no cloak)
rCorr   .            (no gloves)
SInv    .            (no boots)
Will    .....        (no amulet)
Stlth   +            (no ring)
HPRegen 0.28/turn    (no ring)
MPRegen 0.10/turn

%: no teleportation
@: flux-form, glowing
A: glow, contaminating, AC +6, unfitting armour, cold-blooded, dopey 1, poison
resistance
a: Begin Untransformation, Renounce Religion, Potion Petition, Call Merchant,
Bribe Branch


You were in the Dungeon.
You worshipped Gozag.
Gozag was noncommittal.
You were something dangerously unstable.
You visited 1 branch You collected 26 gold pieces.

Inventory:

Talismans
 b - a beast talisman
 c - a flux talisman (active)
Scrolls
 i - a scroll of blinking
 j - 3 scrolls of immolation {unknown}
 k - 3 scrolls of enchant armour {unknown}
 m - 2 scrolls of identify
Potions
 d - a potion of curing
 e - 2 potions of mutation
 f - 2 potions of haste
 g - 2 potions of magic
 h - a potion of berserk rage
 l - 5 potions of enlightenment
Miscellaneous
 a - a lightning rod (4/4)


   Skills:
 + Level 2.2 Fighting
 + Level 3.9 Dodging
 + Level 0.7 Stealth
 + Level 9.4 Unarmed Combat
 + Level 8.2 Shapeshifting


You had 5 spell levels left.
You didn't know any spells.
Your spell library was empty.

Dungeon Overview and Level Annotations

Branches:
Dungeon (1/1)

Altars:
Cheibriados
Fedhas
Gozag
Hepliaklqana
Makhleb
Nemelex Xobeh
Qazlal
Xom
Jiyva
Lugonu


Innate Abilities, Weirdness & Mutations

You are something dangerously unstable.
You glow with magical radiation, making you easy to see and hit.
Foes you strike become dangerously contaminated with magical radiation.
You are incapable of wielding weapons or throwing items.
Your plain brown scales are hard. (AC +6)
You cannot fit into any form of body armour.
You are cold-blooded and may be slowed by cold attacks.
You are dopey. (Int -2)
Your system is resistant to poisons. (rPois)


Message History

You hit the spatial vortex.
The spatial vortex begins to glow.
You tail-slap the spatial vortex.
The spatial vortex is lightly damaged.
The spatial vortex closely misses you.
There is a burning altar of Makhleb here.
You hit the spatial vortex.
The spatial vortex glows dangerously bright.
The spatial vortex is lightly damaged.
The spatial vortex hits you!! Space warps around you.
Unknown command.
Press < or > to pray at altars.
There is a hazy altar of Hepliaklqana here.
There is a sparkling altar of Nemelex Xobeh here.
You see here a lightning rod (4/4).
a - a lightning rod (4/4)
The spatial vortex hits you!
* * * LOW HITPOINT WARNING * * *
There is an opulent altar of Gozag here.
Unknown command.
Press < or > to pray at altars.
You kneel at the altar of Gozag.
Gozag welcomes you!
Gozag waives the service fee.
You punch the spatial vortex!
The spatial vortex glows dangerously bright.
The spatial vortex is moderately damaged.
The spatial vortex hits you but does no damage.
You hit the spatial vortex.
The spatial vortex shudders as magic cascades through it.
The spatial vortex is heavily damaged.
You punch the spatial vortex!
The spatial vortex begins to glow.
You tail-slap the spatial vortex.
The spatial vortex is severely damaged.
You punch the spatial vortex!
The spatial vortex glows dangerously bright.
You tail-slap the spatial vortex.
The spatial vortex is almost destroyed.
The spatial vortex hits you!!
You die...
Your body crumbles into a pile of gold.

#### ##.# ...#####..#
†...#..#..#
#...#..#..###+#+###+##
##).##'#..#..........#
##..###...'.⌠........#
#..####...#...######'#
#..###....#.⌠.#_v#...#
...##.....#...#_p#...#
...#..÷...#+###__#...#
.##.#.....# #__#...+ .
####....# #__'...# ▓
▓▓▓▓▓▓ ▓▓▓▓▓▓▓▓


You could see a spatial vortex (heavy contam).

Vanquished Creatures
  A shadow (D)
  A water elemental (D)
  A jelly (D)
  Jessica (D)
  A human (D)
  A wolf (D)
  2 endoplasms (D)
  A rat (D)
9 creatures vanquished.

Notes
Turn   | Place    | Note
-------+----------+-------------------------------------------
     0 | D        | rocky1 the Draconian Shapeshifter began the quest for the
                  | Orb.
     0 | D        | Reached XP level 1. HP: 16/16 MP: 1/1
    53 | D        | Noticed Jessica
    61 | D        | Killed Jessica
    62 | D        | Reached skill level 4 in Unarmed Combat
    62 | D        | Reached skill level 5 in Shapeshifting
    62 | D        | Reached XP level 2. HP: 18/23 MP: 2/2
    62 | D        | Reached XP level 3. HP: 22/28 MP: 3/3
   101 | D        | Reached skill level 5 in Unarmed Combat
   297 | D        | Gained mutation: You are dopey. (Int -2) [potion of
                  | mutation]
   297 | D        | Gained mutation: Your system is resistant to poisons.
                  | (rPois) [potion of mutation]
   331 | D        | Noticed a water elemental
   336 | D        | Killed a water elemental
   337 | D        | Reached skill level 6 in Unarmed Combat
   337 | D        | Reached XP level 4. HP: 36/36 MP: 4/4
   524 | D        | Reached skill level 7 in Unarmed Combat
   524 | D        | Reached XP level 5. HP: 41/41 MP: 5/5
   531 | D        | Noticed a shadow
   542 | D        | Killed a shadow
   543 | D        | Reached skill level 9 in Unarmed Combat
   543 | D        | Reached XP level 6. HP: 6/48 MP: 6/6
   698 | D        | Found a blossoming altar of Fedhas.
   698 | D        | Found a stormy altar of Qazlal.
   698 | D        | Found a snail-covered altar of Cheibriados.
   698 | D        | Found a burning altar of Makhleb.
   698 | D        | Found a shimmering altar of Xom.
   698 | D        | Noticed a spatial vortex
   699 | D        | Found a hazy altar of Hepliaklqana.
   699 | D        | Found an opulent altar of Gozag.
   699 | D        | Found a sparkling altar of Nemelex Xobeh.
   699 | D        | Found a corrupted altar of Lugonu.
   699 | D        | Found a viscous altar of Jiyva.
   708 | D        | Became a worshipper of Gozag Ym Sagoz the Greedy
   712 | D        | Slain by a spatial vortex

Illustrated notes

Levels and vault maps discovered:
D:        dungeon_sprint_mu [sprint_mu_entry_cave, sprint_mu_temple_rooms,
          sprint_mu_d1_spiders, sprint_mu_d2_genie, sprint_mu_d3_branching,
          sprint_mu_orc_legion, sprint_mu_elf_gauntlet, sprint_mu_hive_nellie,
          sprint_mu_lair_fedhas, sprint_mu_vaults_butterflies,
          sprint_mu_slime_circle, sprint_mu_swamp_cave, sprint_mu_shoals_archi,
          sprint_mu_blade_basic, sprint_mu_crypt_fortress,
          sprint_mu_tomb_spiral, sprint_mu_vestibule_basic,
          sprint_mu_gehenna_hellfire, sprint_mu_dis_giant,
          sprint_mu_tartarus_statrot, sprint_mu_cocytus_islands, sprint_mu_zot1]

Skill      XL: |  1  2  3  4  5 |
---------------+----------------+-----
Dodging        | 2 3 |  3.9
Unarmed Combat | 4 6 7 9 |  9.4
Shapeshifting  | 5 6 7 8 |  8.2
Fighting       | 2 |  2.2
Stealth        | |  0.7

Action                     |  1- 3 |  4- 6 || total
---------------------------+-------+-------++-------
  Melee: Unarmed           |    36 |    17 ||    53
         Tailslap          |     1 |     3 ||     4
    Use: Potion            |     3 |       ||     3
 Armour: Skin              |    15 |     8 ||    23
  Dodge: Dodged            |    18 |     3 ||    21
   Form: Flux              |       |     1 ||     1

Table legend: (Time is in decaauts)
 A = Elapsed time spent in this place.
 B = Non-inter-level travel time spent in this place.
 C = Inter-level travel time spent in this place.
 D = Time resting spent in this place.
 E = Time spent auto-exploring this place.
 F = Levels seen in this place.
 G = Mean time per level.
                   A        B        C        D        E       F      G
               +--------+--------+--------+--------+--------+-----+--------+
         Total |    712 |    712 |      0 |    531 |     38 |   1 |  712.0 |
       Dungeon |    712 |    712 |      0 |    531 |     38 |   1 |  712.0 |
               +--------+--------+--------+--------+--------+-----+--------+

Top non-repeatable levels by time:
       D: 712 daAuts
